[Event "Team 45 45 League T33"]
[Site "Internet Chess Club"]
[Date "2007.04.30"]
[Round "2"]
[White "willdawg"]
[Black "fledermaus"]
[Result "0-1"]
[WhiteElo "2048"]
[BlackElo "2017"]
[ECO "B15"]
[TimeControl "2700+45"]

1. e4 c6 2. d4 d5 3. Nc3 b5 4. e5 b4 5. Nce2 e6 6. f4 h5 7. Nf3 Nh6 8. Be3 Nf5
9. Bf2 Ba6 10. Qd2 Be7 11. g3 Qb6 12. Bh3 g6 13. Bxf5 Bxe2 14. Qxe2 exf5 15.
O-O-O Qa6 16. Qxa6 Nxa6 17. h3 Kd7 18. Rhe1 Nc7 19. e6+ Nxe6 20. Ne5+ Ke8 21.
Nxg6 Rh6 22. Nxe7 Kxe7 23. Re5 Kf6 24. Rg1 Rg6 25. c3 bxc3 26. bxc3 Rag8 27.
Rge1 Rb8 28. R1e2 Rgg8 29. g4 hxg4 30. Bh4+ Kg7 31. Rxf5 gxh3 32. Rh2 Rh8 33.
Rxh3 Rh6 34. Rg3+ Rg6 35. Bf6+ Kh7 36. Rh3+ Rh6 37. Rxh6+ Kxh6 38. Be5 Rb7 39.
Rf6+ Kh5 40. f5 Ng7 41. Rxc6 Nxf5 42. Rc5 Rd7 43. Kd2 Kg4 44. a4 Nh4 45. a5 Kf5
46. Bg3 Nf3+ 47. Ke3 Ng5 48. c4 Ne4 49. Rc7 Rxc7 50. Bxc7 dxc4 51. a6 Nc3 52.
Bb8 Nd5+ 53. Kd2 Ke4 54. Bxa7 Nc7 55. Bb6 Nxa6 56. Kc3 Kd5 57. Bd8 f5 58. Bf6
Nc7 59. Kd2 Ke4 60. Kc3 Nd5+ {White resigns} 0-1

[Event "Team 45 45 League T33"]
[Site "Internet Chess Club"]
[Date "2007.04.29"]
[Round "2"]
[White "malefactor"]
[Black "xenocide"]
[Result "0-1"]
[WhiteElo "1800"]
[BlackElo "1828"]
[ECO "A23"]
[TimeControl "2700+45"]

1. c4 e5 2. Nc3 Nf6 3. g3 c6 4. e4 d5 5. exd5 cxd5 6. Bg2 d4 7. Nd5 Nc6 8. a3
Be6 9. Nxf6+ Qxf6 10. d3 a5 11. Ne2 Bc5 12. O-O Bg4 13. f4 O-O 14. Qd2 Rfe8 15.
fxe5 Qxe5 16. Nf4 Qe3+ 17. Kh1 Rac8 18. Be4 Rxe4 19. dxe4 Bf3+ 20. Rxf3 Qxf3+
21. Qg2 Qd1+ 22. Qg1 Qc2 23. Qg2 Qxc4 24. Nd5 Re8 25. Bf4 Qd3 26. Re1 a4 27. Rc1
Rxe4 28. Qc2 Re1+ 29. Rxe1 Qxc2 30. Re8+ Bf8 31. Bd6 h6 32. Rxf8+ Kh7 33. Rxf7
Qe4+ 34. Kg1 Qxd5 {White resigns} 0-1

[Event "Team 45 45 League T33"]
[Site "Internet Chess Club"]
[Date "2007.04.26"]
[Round "2"]
[White "tryanything"]
[Black "Wheels"]
[Result "1/2-1/2"]
[WhiteElo "1665"]
[BlackElo "1731"]
[ECO "B24"]
[TimeControl "2700+45"]

1. e4 c5 2. Nc3 Nc6 3. g3 g6 4. Bg2 Bg7 5. Nge2 d6 6. O-O Nf6 7. d3 O-O 8. Be3
Ng4 9. Qd2 Nxe3 10. Qxe3 e6 11. Rab1 Rb8 12. a3 Nd4 13. Qd2 b5 14. Nxd4 Bxd4 15.
Ne2 Bg7 16. c3 Bb7 17. Kh1 f5 18. f4 d5 19. e5 Qc7 20. d4 c4 21. Ng1 a5 22. Nf3
h6 23. Ne1 Qe7 24. Nc2 Ba8 25. Bf3 h5 26. h4 Rb7 27. Kg2 Rfb8 28. Rh1 Qf7 29.
Rhc1 Bf8 30. b4 {Game drawn by mutual agreement} 1/2-1/2

[Event "Team 45 45 League T33"]
[Site "Internet Chess Club"]
[Date "2007.04.29"]
[Round "2"]
[White "jlowe"]
[Black "FiendAngelical"]
[Result "1/2-1/2"]
[WhiteElo "1653"]
[BlackElo "1703"]
[ECO "B22"]
[TimeControl "2700+45"]

1. e4 c5 2. c3 d5 3. exd5 Qxd5 4. d4 Nf6 5. Nf3 Bg4 6. Be2 e6 7. h3 Bh5 8. O-O
Nc6 9. Be3 cxd4 10. cxd4 Be7 11. Nc3 Qd6 12. a3 O-O 13. Rc1 Rfd8 14. Qb3 a6 15.
Rfd1 b5 16. d5 Na5 17. Qa2 exd5 18. Nxd5 Nxd5 19. Rc5 Qe6 20. Rcxd5 Rxd5 21.
Qxd5 Qxd5 22. Rxd5 Bg6 23. Ne5 Be4 24. Rd4 Bf5 25. Bf3 Rd8 26. Rxd8+ Bxd8 27.
Bd5 Be6 28. Bxe6 fxe6 {Game drawn by mutual agreement} 1/2-1/2

[Event "Team 45 45 League T33"]
[Site "Internet Chess Club"]
[Date "2007.04.29"]
[Round "2"]
[White "Allessia"]
[Black "EdBorowski"]
[Result "1-0"]
[WhiteElo "2276"]
[BlackElo "1937"]
[ECO "B24"]
[TimeControl "2700+45"]

1. e4 c5 2. Nc3 Nc6 3. g3 g6 4. Bg2 Bg7 5. d3 Nf6 6. Be3 d6 7. h3 a6 8. Qd2 Qa5
9. Nge2 O-O 10. O-O Be6 11. f4 Rac8 12. a3 b5 13. b4 Qb6 14. g4 Nd4 15. f5 Bd7
16. bxc5 dxc5 17. e5 Ne8 18. Nd5 Nxe2+ 19. Qxe2 Qd8 20. Bg5 f6 21. exf6 exf6 22.
Ne7+ Kh8 23. Bf4 gxf5 24. gxf5 Rb8 25. Ng6+ hxg6 26. fxg6 Bg4 27. Qxg4 Qd4+ 28.
Kh1 {Black resigns} 1-0

[Event "Team 45 45 League T33"]
[Site "Internet Chess Club"]
[Date "2007.04.27"]
[Round "2"]
[White "Flying-Tiger"]
[Black "Gregorio"]
[Result "0-1"]
[WhiteElo "1844"]
[BlackElo "2090"]
[ECO "C44"]
[TimeControl "2700+45"]

1. e4 e5 2. Nf3 Nc6 3. d4 exd4 4. Bc4 d6 5. O-O Be7 6. Bf4 Bg4 7. Qd3 Bxf3 8.
Qxf3 Nf6 9. Qb3 O-O 10. Nd2 Na5 11. Qd3 c5 12. Rfe1 Nh5 13. Bg3 Nxc4 14. Nxc4 b5
15. Nd2 Qb6 16. Qf3 Nxg3 17. Qxg3 c4 18. Rad1 Rac8 19. Nf3 Bf6 20. e5 dxe5 21.
Nxe5 Rfd8 22. Ng4 b4 23. Qf3 Rc6 24. Qd5 Kf8 25. Nxf6 gxf6 26. Qh5 Re6 27. Qxh7
a5 28. Qf5 Rde8 29. Rxe6 Rxe6 30. Qd5 c3 31. b3 Re2 32. Qf5 Qe6 33. Qc5+ Kg7 34.
Rf1 Qe5 35. Qxe5 fxe5 36. Rc1 d3 37. cxd3 Rxa2 38. Kf1 Rb2 39. Ke1 Rxb3 40. Rc2
Rb1+ 41. Ke2 a4 42. f4 exf4 43. d4 Rb2 44. Kd3 Rb1 45. Kc4 a3 46. d5 Rb2 47. Rc1
a2 48. Ra1 c2 49. d6 Kf6 50. Kc5 Rb1 51. d7 c1=Q+ {White resigns} 0-1

[Event "Team 45 45 League T33"]
[Site "Internet Chess Club"]
[Date "2007.04.29"]
[Round "2"]
[White "baumhauer"]
[Black "LennyH"]
[Result "0-1"]
[WhiteElo "2012"]
[BlackElo "1917"]
[ECO "E12"]
[TimeControl "2700+45"]

1. d4 Nf6 2. c4 e6 3. Nf3 b6 4. a3 Bb7 5. Nc3 Ne4 6. Qd3 f5 7. d5 Nxc3 8. bxc3
Bc5 9. Bg5 Be7 10. h4 Na6 11. Rd1 Nc5 12. Qe3 h6 13. Bf4 Ne4 14. dxe6 Bc5 15.
exd7+ Qxd7 16. Rxd7 Bxe3 17. Bxe3 Kxd7 18. Bd4 Rhg8 19. Nd2 c5 20. Be5 Ke6 21.
f4 Nf6 22. Rh3 Nd7 23. Re3 Nxe5 24. Rxe5+ Kf6 25. Re3 Rad8 26. Nf3 Bxf3 27. gxf3
Rge8 28. Rxe8 Rxe8 29. Kf2 Kg6 30. Bg2 Kh5 31. e4 fxe4 32. fxe4 Kxh4 33. Ke3 Kg3
34. Bf3 g6 {White resigns} 0-1

[Event "Team 45 45 League T33"]
[Site "Internet Chess Club"]
[Date "2007.04.28"]
[Round "2"]
[White "Creb"]
[Black "NESKAYA"]
[Result "1-0"]
[WhiteElo "1770"]
[BlackElo "1587"]
[ECO "C23"]
[TimeControl "2700+45"]

1. e4 e5 2. Bc4 f5 3. exf5 d5 4. Bb3 Nf6 5. d3 Be7 6. Bg5 Bxf5 7. Nf3 Nbd7 8.
Bxf6 Bxf6 9. Bxd5 e4 10. dxe4 Bxb2 11. exf5 Qe7+ 12. Kf1 O-O-O 13. Nbd2 Bxa1 14.
Qxa1 Rhe8 15. Qb1 Nc5 16. c4 Rd6 17. Nd4 Rb6 18. Qd1 Nd3 19. N2f3 Rb2 20. Ne6
Nxf2 21. Qd4 Qb4 22. Qe5 Re7 23. f6 Nd3 24. fxe7 Rb1+ 25. Ke2 Nf4+ 26. Qxf4
{Black resigns} 1-0

[Event "Team 45 45 League T33"]
[Site "Internet Chess Club"]
[Date "2007.04.28"]
[Round "2"]
[White "syy89"]
[Black "livis"]
[Result "1/2-1/2"]
[WhiteElo "2084"]
[BlackElo "2098"]
[ECO "C11"]
[TimeControl "2700+45"]

1. e4 e6 2. d4 d5 3. Nc3 Nf6 4. e5 Nfd7 5. f4 c5 6. Nf3 Nc6 7. Be3 cxd4 8. Nxd4
Nxd4 9. Bxd4 g6 10. Qd2 a6 11. O-O-O Bg7 12. g4 b5 13. h4 h5 14. Qf2 hxg4 15.
Be2 b4 16. Na4 Bb7 17. Kb1 Bc6 18. Nc5 Bf8 19. Nxd7 Bxd7 20. Bxg4 a5 21. h5 g5
22. f5 a4 23. fxe6 fxe6 24. h6 Qe7 25. Bb6 Bc6 26. Rh3 Rxh6 27. Bc5 Qxc5 28.
Qxc5 Bxc5 29. Rxh6 Kf7 30. Rf6+ Kg7 31. Rdf1 Be8 32. Bxe6 b3 33. c3 d4 34. cxd4
Bxd4 35. Bf7 Bxf7 36. Rxf7+ Kg6 37. e6 bxa2+ 38. Kxa2 Rb8 39. e7 Rxb2+ 40. Ka3
Re2 41. Kxa4 Bc5 42. R1f6+ Kh5 43. Rh7+ Kg4 44. Rff7 Kg3 45. Kb5 Ba3 46. Kc6 g4
47. Kd7 Rd2+ 48. Ke6 Re2+ 49. Kf5 Rf2+ 50. Kg5 Re2 51. Kg6 Kg2 52. Kg5 g3 53.
Kh4 Re4+ 54. Kh5 Kg1 55. Rhg7 g2 56. Rg4 Re5+ 57. Rg5 Re3 58. Rfg7 Bxe7 59.
Rxg2+ Kh1 60. Rg1+ Kh2 61. R7g2+ Kh3 62. Kg6 Bd6 63. Kf5 Bg3 64. Ra2 Re5+ 65.
Kf6 Re3 66. Ra5 Kh2 67. Rb1 Rc3 68. Rh5+ Kg2 69. Rb2+ Kf3 70. Rf5+ {Game drawn
by mutual agreement} 1/2-1/2

[Event "Team 45 45 League T33"]
[Site "Internet Chess Club"]
[Date "2007.04.28"]
[Round "2"]
[White "shijith"]
[Black "deathmage"]
[Result "0-1"]
[WhiteElo "1751"]
[BlackElo "1667"]
[ECO "E16"]
[TimeControl "2700+45"]

1. d4 Nf6 2. Nf3 e6 3. c4 b6 4. g3 Bb7 5. Bg2 Bb4+ 6. Bd2 Bxd2+ 7. Nbxd2 O-O 8.
O-O d6 9. Qc2 Nbd7 10. e4 e5 11. d5 a5 12. Rad1 Qe7 13. Rfe1 Rfc8 14. Re3 c6 15.
dxc6 Rxc6 16. a3 b5 17. Qb3 Nc5 18. Qxb5 Rc7 19. Nh4 g6 20. f3 Bc6 21. Qb6 Raa7
22. Qb8+ Kg7 23. Bh3 Nfd7 24. Bxd7 Qxd7 25. Nb3 Nxb3 26. Qxb3 Ba4 27. Rxd6 Qxd6
28. Qxa4 Qc5 29. Kf2 Qxc4 30. Qxc4 Rxc4 31. Re2 Rac7 32. h3 Rc2 33. b4 axb4 34.
axb4 Rxe2+ 35. Kxe2 Rb7 36. Kd3 Rxb4 37. Kc2 f6 38. Ng2 Ra4 39. Kb2 Kf7 40. Ne3
Ke6 41. Kb3 Ra1 42. f4 exf4 43. gxf4 Rh1 44. Kc4 Rh2 45. f5+ gxf5 46. exf5+ Kf7
47. Nd5 Rxh3 48. Kd4 Rg3 49. Ke4 h5 50. Ne3 h4 51. Kf4 Rg5 52. Ng4 h3 53. Nh2
Rg2 54. Nf3 h2 {White resigns} 0-1

[Event "Team 45 45 League T33"]
[Site "Internet Chess Club"]
[Date "2007.04.30"]
[Round "2"]
[White "Budzo"]
[Black "lmadueno"]
[Result "1-0"]
[WhiteElo "1791"]
[BlackElo "1618"]
[ECO "E97"]
[TimeControl "2700+45"]

1. Nf3 Nc6 2. d4 d6 3. c4 Nf6 4. Nc3 g6 5. e4 Bg7 6. Be2 e5 7. d5 Ne7 8. O-O O-O
9. Be3 Nd7 10. Qd2 f5 11. Bh6 f4 12. Bxg7 Kxg7 13. b4 Nf6 14. c5 h6 15. cxd6
cxd6 16. Qd3 g5 17. Rfc1 Ng6 18. Nd2 g4 19. Nb5 Rf7 20. Rc2 Nh5 21. Rac1 f3 22.
gxf3 Ngf4 23. Qe3 Nxe2+ 24. Qxe2 Nf4 25. Qe3 Qg5 26. Kh1 gxf3 27. Rg1 Ng2 28.
Qxg5+ hxg5 29. Nxd6 Rf8 30. Nxf3 Rxf3 31. Rxg2 Bh3 32. Rxg5+ Kf6 33. Rg3 Rxg3
34. fxg3 Rd8 35. Rf2+ Kg6 36. Nxb7 Rb8 37. a3 Rxb7 38. Kg1 Rc7 39. Rd2 Rf7 40.
Rf2 Rxf2 41. Kxf2 Kf6 42. Ke3 Bf1 43. h4 a6 44. g4 Bh3 45. g5+ Kg6 46. d6 Bd7
47. Kd3 Be6 48. a4 Bd7 49. Kc4 Bxa4 50. Kd5 Kh5 51. Kxe5 Kxh4 52. Kf6 Kh5 53. e5
Bc2 54. d7 {Black resigns} 1-0

[Event "Team 45 45 League T33"]
[Site "Internet Chess Club"]
[Date "2007.04.30"]
[Round "2"]
[White "stakastra"]
[Black "Kinglord"]
[Result "1/2-1/2"]
[WhiteElo "1607"]
[BlackElo "1637"]
[ECO "C00"]
[TimeControl "2700+45"]

1. e4 e6 2. Nc3 d5 3. exd5 exd5 4. d4 Nf6 5. Bg5 Be7 6. Nf3 Bg4 7. Be2 O-O 8. h3
Be6 9. Qd3 c6 10. O-O-O b5 11. Nb1 Ne4 12. Bxe7 Qxe7 13. Rhf1 a5 14. Nbd2 Nxd2
15. Nxd2 a4 16. f4 f5 17. g4 Na6 18. Qg3 b4 19. Bxa6 Rxa6 20. Nf3 Qc7 21. Ne5 b3
22. a3 bxc2 23. Rd2 Qb6 24. Qc3 Qb3 25. Rxc2 Qxc3 26. Rxc3 fxg4 27. hxg4 g6 28.
Nxc6 Bxg4 29. Ne7+ Kg7 30. Nxd5 Rd6 31. Rc7+ Rf7 32. Rxf7+ Kxf7 33. Ne3 Bd7 34.
d5 Bb5 35. Rf2 Ke8 36. Kd2 Kd8 37. f5 Rf6 38. Kc3 gxf5 39. Rxf5 Rxf5 40. Nxf5
Bd7 41. Ng3 Ke7 42. Kd4 Kd6 43. Ne4+ Ke7 44. Kc5 h5 45. Kd4 Kf7 46. Ke5 h4 47.
Kf4 {Game drawn by mutual agreement} 1/2-1/2

[Event "Team 45 45 League T33"]
[Site "Internet Chess Club"]
[Date "2007.04.29"]
[Round "2"]
[White "Kasparklunk"]
[Black "AntonioMendonca"]
[Result "0-1"]
[WhiteElo "1455"]
[BlackElo "1591"]
[ECO "B78"]
[TimeControl "2700+45"]

1. e4 c5 2. Nf3 d6 3. d4 cxd4 4. Nxd4 Nf6 5. Nc3 g6 6. Be3 Bg7 7. f3 Nc6 8. Qd2
O-O 9. Bc4 Bd7 10. O-O-O Rc8 11. h4 h5 12. Bb3 Ne5 13. Bh6 Bxh6 14. Qxh6 Rxc3
15. bxc3 Qa5 16. Kb1 Rc8 17. Ne2 Bb5 18. Nf4 Qxc3 19. Nxg6 Nxg6 20. Qxg6+ Kh8
21. Qxf7 a5 22. a4 Bxa4 23. Bxa4 Qb4+ 24. Qb3 Qc5 25. Rhe1 Ne8 26. Qd5 Qb4+ 27.
Qb3 Qc5 28. Rd5 Qf2 29. Rxh5+ Kg7 30. Qc3+ Rxc3 31. Rg5+ Kf7 32. Rf5+ Nf6 33.
Rc1 e6 34. Rf4 Qxg2 35. Bb3 {White resigns} 0-1

[Event "Team 45 45 League T33"]
[Site "Internet Chess Club"]
[Date "2007.05.03"]
[Round "2"]
[White "AlekLondon"]
[Black "chessterbaggins"]
[Result "1-0"]
[WhiteElo "1461"]
[BlackElo "1331"]
[ECO "A40"]
[TimeControl "2700+45"]

1. d4 e6 2. c4 Be7 3. Nc3 c6 4. e3 Nf6 5. Bd3 d5 6. b3 Bb4 7. Ne2 Ne4 8. Bb2 Qa5
9. Qc2 Qd8 10. Bxe4 dxe4 11. Qxe4 O-O 12. a3 Be7 13. c5 Bh4 14. O-O-O Bf6 15. f4
b5 16. g4 g6 17. g5 Bg7 18. h4 e5 19. dxe5 Qe7 20. b4 Bf5 21. Qf3 Qe6 22. Rd6
Qc8 23. Nxb5 Bg4 24. Qg2 Bxe2 25. Qxe2 cxb5 26. h5 a6 27. Qh2 Qf5 28. hxg6 fxg6
29. Qxh7+ Kf7 30. e6+ Ke8 31. Bxg7 a5 32. Bxf8 Qxf8 33. Qxg6+ Ke7 34. Rh7+
{Black resigns} 1-0

[Event "Team 45 45 League T33"]
[Site "Internet Chess Club"]
[Date "2007.04.28"]
[Round "2"]
[White "mickeys"]
[Black "Badu"]
[Result "0-1"]
[WhiteElo "1673"]
[BlackElo "1872"]
[ECO "D12"]
[TimeControl "2700+45"]

1. d4 d5 2. c4 c6 3. Nf3 Nf6 4. e3 Bf5 5. Bd3 Bxd3 6. Qxd3 e6 7. O-O Bd6 8. Nc3
Nbd7 9. e4 Nxe4 10. Nxe4 dxe4 11. Qxe4 Nf6 12. Qe2 O-O 13. Rd1 h6 14. Bd2 Rc8
15. Ne5 c5 16. dxc5 Rxc5 17. Bc3 Qb8 18. Nf3 Rf5 19. Rd3 Bc7 20. h3 Rd8 21. Rad1
Rxd3 22. Qxd3 Bb6 23. b4 Qf4 24. Re1 Bc7 25. a3 b6 26. Bd4 Qd6 27. Qe3 Rxf3 28.
gxf3 Qh2+ 29. Kf1 Nh5 30. Be5 Qxh3+ 31. Ke2 Qf5 32. Kd2 Bxe5 33. Qxe5 Qxf3 34.
Qe3 Qc6 35. Qd4 Nf6 36. Kc2 Qf3 37. Kb2 Ng4 38. Qd2 Nxf2 39. Re3 Nd1+ 40. Kc1
Nxe3 41. Qd8+ Kh7 42. Qd3+ g6 43. Kb2 h5 44. c5 bxc5 45. bxc5 Qf2+ 46. Kb3 Nd5
47. Kc4 Qf4+ 48. Kb3 Qc7 49. Qc4 g5 50. Qc2+ Kh6 51. a4 h4 52. c6 Qg3+ 53. Kb2
h3 54. Kb1 h2 {White resigns} 0-1

[Event "Team 45 45 League T33"]
[Site "Internet Chess Club"]
[Date "2007.04.29"]
[Round "2"]
[White "walleye"]
[Black "GrandPoobah069"]
[Result "0-1"]
[WhiteElo "1440"]
[BlackElo "1642"]
[ECO "B99"]
[TimeControl "2700+45"]

1. e4 c5 2. Nf3 d6 3. d4 cxd4 4. Nxd4 Nf6 5. Nc3 a6 6. Bg5 e6 7. f4 Be7 8. Qf3
Qc7 9. O-O-O Nbd7 10. Bd3 h6 11. Qh3 Nc5 12. f5 e5 13. Nf3 Bd7 14. Be3 Rc8 15.
Qg3 Kf8 16. Qf2 Ng4 17. Qe2 Nxe3 18. Qxe3 Bc6 19. h4 b5 20. a3 Qb7 21. b4 Nxd3+
22. Rxd3 a5 23. Nd5 axb4 24. axb4 Kg8 25. Nxe7+ Qxe7 26. Rhd1 Rd8 27. c3 Kh7 28.
Kd2 Rd7 29. Ke2 Rhd8 30. g3 f6 31. Nd2 d5 32. g4 Qf7 33. Qf3 dxe4 34. Nxe4 Qc4
35. g5 Bxe4 {White resigns} 0-1

[Event "Team 45 45 League T33"]
[Site "Internet Chess Club"]
[Date "2007.04.26"]
[Round "2"]
[White "IronWill"]
[Black "sdcohle"]
[Result "1-0"]
[WhiteElo "1541"]
[BlackElo "1349"]
[ECO "B23"]
[TimeControl "2700+45"]

1. e4 c5 2. Nc3 d6 3. f4 Nf6 4. Nf3 g6 5. Bc4 Bg7 6. O-O O-O 7. d3 Nc6 8. Ng5 e6
9. f5 Ne5 10. fxg6 fxg6 11. Bxe6+ Bxe6 12. Nxe6 Qe7 13. Nxf8 Rxf8 14. Bg5 Qd7
15. Bxf6 Bxf6 16. Nd5 Bg7 17. Rxf8+ Bxf8 18. Nf6+ Kg7 19. Nxd7 Nxd7 20. Qf3 Ne5
21. Qg3 Be7 22. Rf1 h5 23. Rf5 Nc6 24. Rxh5 Nd4 25. Kf2 Ne6 26. Rh3 Ng5 27. Qg4
Nxh3+ 28. gxh3 g5 29. Qd7 Kf7 30. Qxb7 Ke6 31. Qxa7 Bf6 32. b3 d5 33. Qxc5 dxe4
34. dxe4 Be5 35. Qd5+ Kf6 36. Kg2 g4 37. Qxe5+ Kxe5 38. hxg4 Kxe4 39. h4 Kf4 40.
g5 Kf5 41. c4 Ke6 42. g6 Kf6 43. h5 Kg7 44. c5 Kf8 45. c6 Ke8 46. h6 Kd8 47. h7
Kc8 48. h8=Q+ Kc7 49. g7 Kd6 50. Qh6+ Kc7 51. g8=Q Kb6 52. Qb8+ Kc5 53. Qhd6#
{Black checkmated} 1-0

[Event "Team 45 45 League T33"]
[Site "Internet Chess Club"]
[Date "2007.04.26"]
[Round "2"]
[White "searchforbobby1"]
[Black "Sicilianaire"]
[Result "1-0"]
[WhiteElo "2159"]
[BlackElo "2012"]
[ECO "C22"]
[TimeControl "2700+45"]

1. e4 e5 2. d4 exd4 3. Qxd4 Nc6 4. Qe3 Nf6 5. Nc3 Bb4 6. Bd2 O-O 7. O-O-O Re8 8.
Qg3 Rxe4 9. a3 Bd6 10. f4 Re8 11. Nf3 Nh5 12. Qg4 Nf6 13. Qh3 Bf8 14. g4 d5 15.
f5 d4 16. Bc4 dxc3 17. Bxc3 Bd6 18. g5 Bxf5 19. Qxf5 Qd7 20. Nh4 Qxf5 21. Nxf5
Ne4 22. Bxg7 Bf4+ 23. Kb1 Nd2+ 24. Rxd2 Bxd2 25. Bf6 Ne5 26. Nh6+ Kf8 27. Bb3 c5
28. Bd5 Nd7 29. Rf1 Re1+ 30. Rxe1 Bxe1 31. Bh8 Bf2 32. c3 Be3 33. h4 Bf4 34.
Nxf7 Re8 35. h5 Re1+ 36. Kc2 Ne5 37. Nd8 Ke8 38. Ne6 Bg3 39. Nxc5 Nf7 40. Bf6
Be5 41. Nd3 Bxf6 42. Nxe1 Bxg5 43. Nf3 Bf6 44. Bxb7 Nd6 45. Bd5 Kd7 46. c4 a5
47. b4 axb4 48. axb4 h6 49. Kd3 Nf5 50. c5 Ng3 51. Bf7 Kc7 52. Bg6 Kd7 53. b5
Nf1 54. Ke2 Ke6 55. Kxf1 Kd5 56. c6 Bd8 57. Ke2 {Black resigns} 1-0

[Event "Team 45 45 League T33"]
[Site "Internet Chess Club"]
[Date "2007.04.28"]
[Round "2"]
[White "JaiHanuman"]
[Black "Burning-Bush"]
[Result "1-0"]
[WhiteElo "1975"]
[BlackElo "2017"]
[ECO "B24"]
[TimeControl "2700+45"]

1. e4 c5 2. Nc3 g6 3. g3 Bg7 4. Bg2 Nc6 5. Nge2 d6 6. d3 Nf6 7. O-O Bd7 8. a3
Qc8 9. Nf4 O-O 10. Be3 e5 11. Nfd5 Bh3 12. Nxf6+ Bxf6 13. Bh6 Re8 14. Nd5 Bg7
15. Bxh3 Qxh3 16. Bxg7 Kxg7 17. Nc7 h5 18. Nxa8 Rxa8 19. f4 exf4 20. Rxf4 Ne5
21. d4 Ng4 22. Qe2 cxd4 23. Raf1 f6 24. Rd1 g5 25. Rf3 Ne5 26. Rf2 h4 27. Rg2
Rc8 28. Rxd4 Rxc2 29. Qxc2 Nf3+ 30. Kf2 Nxd4 31. Qc7+ Kg6 32. Qxd6 Nc6 33. Qf8
hxg3+ 34. hxg3 Qe6 35. Rh2 Qxe4 36. Rh6+ Kf5 37. Rxf6+ Kg4 38. Qc8+ Kh5 39. Qh3+
{Black resigns} 1-0

[Event "Team 45 45 League T33"]
[Site "Internet Chess Club"]
[Date "2007.04.29"]
[Round "2"]
[White "spacecadet"]
[Black "Loco-Motif"]
[Result "0-1"]
[WhiteElo "2048"]
[BlackElo "1794"]
[ECO "C39"]
[TimeControl "2700+45"]

1. e4 e5 2. f4 exf4 3. Nf3 g5 4. h4 g4 5. Ne5 d6 6. Nxg4 Be7 7. Nf2 Bxh4 8. Qf3
Qg5 9. d4 Nc6 10. Bxf4 Nxd4 11. Bxg5 Nxf3+ 12. gxf3 Bxg5 13. Nc3 Be6 14. Nb5 Kd7
15. Nd3 Be3 16. c3 Ne7 17. e5 Nf5 18. exd6 cxd6 19. Rd1 a6 20. Na3 Rae8 21. Be2
Bxa2 22. Nb4 Bb3 23. Rd3 Ng3 24. Rh2 Bc5 25. Nd5 Bxd5 26. Rxd5 Bxa3 27. bxa3
Rxe2+ 28. Rxe2 Nxe2 29. Kxe2 h5 30. Kf2 Ke6 31. Rd4 h4 32. Kg2 h3+ 33. Kh2 b5
34. a4 Rh5 35. axb5 axb5 36. Rb4 Kd7 37. Rf4 f5 38. Rb4 Kc6 39. Rf4 Kc5 40. Rd4
d5 41. Rf4 Rh8 42. Rxf5 Kc4 43. Re5 Rd8 44. Re3 d4 45. cxd4 Rxd4 46. Kxh3 b4 47.
Re8 b3 48. Rc8+ Kd3 49. Rb8 Kc3 50. Kg3 b2 51. f4 Rb4 52. Rc8+ Kb3 {White
resigns} 0-1

[Event "Team 45 45 League T33"]
[Site "Internet Chess Club"]
[Date "2007.04.29"]
[Round "2"]
[White "singularity"]
[Black "PublisherKing"]
[Result "0-1"]
[WhiteElo "1846"]
[BlackElo "1860"]
[ECO "B12"]
[TimeControl "2700+45"]

1. e4 c6 2. d4 d6 3. c4 Qc7 4. Nc3 Nd7 5. Be2 e5 6. d5 Ngf6 7. Bg5 Be7 8. Rc1
O-O 9. Nf3 h6 10. Bh4 Re8 11. b4 Nf8 12. Bxf6 Bxf6 13. O-O Ng6 14. Re1 Bd7 15.
c5 dxc5 16. bxc5 Nf4 17. Bf1 cxd5 18. Nxd5 Nxd5 19. Qxd5 Be6 20. Qd6 Qa5 21. c6
bxc6 22. Rxc6 Qxa2 23. Ba6 Rab8 24. Qc5 Rb2 25. Qxa7 Rc8 26. Rcc1 Rxc1 27. Rxc1
Bg4 28. h3 Bxf3 29. gxf3 Bh4 30. Rf1 Kh7 31. Kg2 Bd8 32. Qd7 Bb6 33. Qf5+ g6 34.
Qf6 Rxf2+ 35. Kg3 Rg2+ 36. Kh4 Bf2+ 37. Rxf2 Qxf2# {White checkmated} 0-1

[Event "Team 45 45 League T33"]
[Site "Internet Chess Club"]
[Date "2007.04.26"]
[Round "2"]
[White "reinaroja"]
[Black "KingDestroyer"]
[Result "1-0"]
[WhiteElo "2202"]
[BlackElo "2136"]
[ECO "B43"]
[TimeControl "2700+45"]

1. e4 c5 2. Nf3 e6 3. d4 cxd4 4. Nxd4 a6 5. Nc3 Qc7 6. Be2 Nf6 7. O-O Be7 8. Be3
d6 9. f4 Nbd7 10. Bf3 O-O 11. g4 Nb6 12. g5 Nfd7 13. a4 Nb8 14. Kh1 Nc4 15. Bc1
b6 16. Bg2 Bb7 17. Rf3 g6 18. b3 Na5 19. Bb2 e5 20. Nde2 Ra7 21. h4 f6 22. Nd5
Bxd5 23. Qxd5+ Kg7 24. gxf6+ Bxf6 25. fxe5 Bxe5 26. Rxf8 Kxf8 27. Rf1+ Kg7 28.
Nd4 Qe7 29. Ne6+ Kh6 30. Bc1+ Kh5 31. Qd1+ Kxh4 32. Qe1+ Kg4 33. Bh3+ Kxh3 34.
Rf3+ Kg4 35. Qg1+ Kh5 36. Rh3+ Qh4 37. Qg5# {Black checkmated} 1-0

[Event "Team 45 45 League T33"]
[Site "Internet Chess Club"]
[Date "2007.05.01"]
[Round "2"]
[White "HocusPocus"]
[Black "Klampin"]
[Result "0-1"]
[WhiteElo "2031"]
[BlackElo "1989"]
[ECO "D03"]
[TimeControl "2700+45"]

1. d4 d5 2. Nf3 Nf6 3. Bg5 Ne4 4. Bf4 Bf5 5. e3 e6 6. Nbd2 Nd7 7. Nxe4 Bxe4 8.
Nd2 Bg6 9. Bd3 Bxd3 10. cxd3 c5 11. dxc5 Bxc5 12. O-O O-O 13. Qg4 Nf6 14. Qh4
Rc8 15. Rfc1 Be7 16. Qh3 Qd7 17. Nf3 Qb5 18. Rd1 Qxb2 19. Rab1 Qxa2 20. Rxb7 Qc2
21. Rf1 Bc5 22. Be5 Qxd3 23. Nd4 Qg6 24. Nb5 a6 25. Nd6 Rcd8 26. Nxf7 Rxf7 27.
Qxe6 Ng4 28. Qxg6 hxg6 29. Rxf7 Kxf7 30. Bc3 Bd6 31. h3 Ne5 32. Ra1 Ra8 33. Ra5
Ke6 34. g3 Nc4 35. Ra4 Be5 36. Bb4 Nb2 37. Ra5 Nd3 38. Bd2 Bc7 39. Ra4 Nc5 40.
Rg4 Kf5 41. Bc3 a5 42. f3 a4 43. Bd4 Bd6 44. h4 Ne6 45. Ba1 Be5 46. Bxe5 Kxe5
47. Rb4 a3 48. Rb1 a2 49. Ra1 Nc5 {White resigns} 0-1

[Event "Team 45 45 League T33"]
[Site "Internet Chess Club"]
[Date "2007.04.28"]
[Round "2"]
[White "AlexeiD"]
[Black "LeonieHelm"]
[Result "1-0"]
[WhiteElo "2017"]
[BlackElo "1649"]
[ECO "D45"]
[TimeControl "2700+45"]

1. c4 e6 2. Nf3 d5 3. d4 c6 4. e3 Nf6 5. Nc3 Be7 6. Bd3 Nbd7 7. O-O O-O 8. e4
dxe4 9. Nxe4 Nxe4 10. Bxe4 Nf6 11. Bc2 c5 12. Qd3 cxd4 13. Bg5 g6 14. Rfd1 e5
15. Nxe5 Bf5 16. Qe2 Bxc2 17. Qxc2 Nh5 18. Be3 Bc5 19. Nf3 dxe3 20. Rxd8 exf2+
21. Kh1 Raxd8 22. b4 Be3 23. Qe4 Rfe8 24. Qxb7 Rd3 25. Ne5 Rxe5 26. Qb8+ Kg7 27.
Qxe5+ f6 28. Qe7+ Kh6 29. Rf1 Bg5 30. Qxa7 Re3 31. g3 {Black resigns} 1-0

[Event "Team 45 45 League T33"]
[Site "Internet Chess Club"]
[Date "2007.04.29"]
[Round "2"]
[White "Budha"]
[Black "RingLord"]
[Result "0-1"]
[WhiteElo "1707"]
[BlackElo "1729"]
[ECO "A45"]
[TimeControl "2700+45"]

1. d4 Nf6 2. Bg5 c5 3. d5 Qb6 4. b3 Ne4 5. Bf4 Qf6 6. f3 Qxa1 7. fxe4 d6 8. a4
g6 9. Nf3 Bg7 10. e3 Bd7 11. Be2 Na6 12. Bxa6 bxa6 13. O-O O-O 14. Qd3 Qb2 15.
Nbd2 Qc3 16. Qxa6 Qxc2 17. Qb7 Bg4 18. Qxe7 Bxf3 19. Nxf3 Qxb3 20. Qxd6 c4 21.
e5 Rad8 22. Qc6 c3 23. d6 h6 24. Nd4 Qa3 25. e6 fxe6 26. Nxe6 Rxf4 27. Nxf4 Rxd6
28. Qe8+ Kh7 29. Qe4 Rf6 30. Qc2 Qc5 31. Rf3 Rxf4 32. Rxf4 Qxe3+ 33. Rf2 Bd4
{White resigns} 0-1

[Event "Team 45 45 League T33"]
[Site "Internet Chess Club"]
[Date "2007.04.25"]
[Round "2"]
[White "scottrugby"]
[Black "Fidelian"]
[Result "1-0"]
[WhiteElo "1440"]
[BlackElo "1234"]
[ECO "C41"]
[TimeControl "2700+45"]

1. e4 e5 2. Nf3 d6 3. d4 f6 4. Bc4 Be7 5. dxe5 dxe5 6. O-O Qxd1 7. Rxd1 Nc6 8.
Nc3 Bg4 9. Nd5 Bd6 10. Be2 O-O-O 11. h3 Be6 12. a3 Nge7 13. b4 Rhf8 14. c4 Ng6
15. Be3 b6 16. c5 Be7 17. Bb5 Nd4 18. Bxd4 exd4 19. Ba6+ Kb8 20. Nxd4 Bxd5 21.
exd5 Nf4 22. Nc6+ Ka8 23. Nxd8 Rxd8 24. Bb5 Nxd5 25. Bc6+ {Black resigns} 1-0